 Dungeon Sprint DCSS version 0.28-a0-983-g1de4e0787c (webtiles) character file.

Game seed: 8294076929215041277

275 tatocazan the Skirmisher (level 6, -4/79 HPs)
             Began as a Demonspawn Fighter on Dec 3, 2021.
             Was an Initiate of Makhleb.
             Killed from afar by an acid dragon (21 damage)
             ... with a splash of acid
             ... in the Dungeon (Sprint IX: "|||||||||||||||||||||||||||||").
             The game lasted 00:01:07 (227 turns).

tatocazan the Skirmisher (Demonspawn Fighter)        Turns: 227, Time: 00:01:07

Health: -4/79      AC: 17    Str: 19    XL:     6   Next: 3%
Magic:  4/8        EV:  6    Int:  9    God:    Makhleb [......]
Gold:   0          SH:  4    Dex: 12    Spells: 5/5 levels left

rFire   . . .      SeeInvis .   m - +2 halberd (venom)
rCold   . . .      Faith    .   (shield currently unavailable)
rNeg    . . .      Spirit   .   p - +0 plate armour
rPois   .          Reflect  .   c - +0 helmet
rElec   .          Harm     .   (no cloak)
rCorr   .          Rampage  .   (no gloves)
Will    .....      NoTele   +   o - +0 pair of boots
Stlth   ..........              (no amulet)
HPRegen 0.23/turn               (no ring)
MPRegen 0.11/turn               (no ring)

@: berserking (expiring), slowed
A: claws 1, icy blue scales 1, condensation shield
a: Renounce Religion


You were in the Dungeon.
You worshipped Makhleb.
Makhleb was noncommittal.
You visited 1 branch

Inventory:

Hand Weapons
 a - a +0 trident
 m - a +2 halberd of venom (weapon)
 n - a +4 quarterstaff of speed
Armour
 c - a +0 helmet (worn)
 o - a +0 pair of boots (worn)
 p - a +0 plate armour (worn)
Jewellery
 q - a +2 ring of protection
 r - a +3 ring of dexterity
Wands
 l - a wand of acid (10)
Scrolls
 j - 2 scrolls of blinking
 k - 2 scrolls of amnesia
Potions
 d - a potion of invisibility
 e - 5 potions of curing
 f - 3 potions of heal wounds
 g - a potion of haste
 h - 4 potions of magic


   Skills:
 + Level 6.5 Fighting
 * Level 6.4 Polearms
 + Level 6.0 Armour
 + Level 5.9 Shields
 + Level 3.8 Invocations


You had 5 spell levels left.
You didn't know any spells.
Your spell library was empty.

Dungeon Overview and Level Annotations

Branches:
Dungeon (1/1)

Altars:
Cheibriados
Dithmenos
Elyvilon
Fedhas
Gozag
Hepliaklqana
Kikubaaqudgha
Makhleb
Nemelex Xobeh
Okawaru
Qazlal
Ru
Sif Muna
Trog
Uskayaw
Vehumet
Wu Jian
Xom
Yredelemnul
Zin
The Shining One
Beogh
Jiyva
Lugonu


Innate Abilities, Weirdness & Mutations

You have sharp fingernails.
You are partially covered in icy blue scales. (AC +2)
A meltable shield of frost defends you. (SH +4)


Message History

The wraith is almost destroyed.
The wraith hits you but does no damage. The wraith completely misses you.
You puncture the wraith!
You destroy the wraith!
Makhleb accepts your kill. The acid dragon spits acid at you.
The splash of acid hits you!!
* * * LOW HITPOINT WARNING * * *
Your Fighting skill increases to level 6!
Your Polearms skill gained 2 levels and is now at level 6!
Your Armour skill increases to level 6!
Your Invocations skill gained 3 levels and is now at level 3!
You have reached level 5!
You have reached level 6!
Your demonic ancestry asserts itself...
Your fingernails lengthen.
You take 21 damage, and have 18/79 hp.
MASSIVE DAMAGE!!
You barely miss the acid dragon. The acid dragon barely misses you.
The acid dragon claws you but does no damage.
Your plate armour prevents you from hitting the acid dragon.
The acid dragon completely misses you.
The acid dragon claws you but does no damage.
You hit the acid dragon.
The acid dragon is poisoned.
The acid dragon is moderately wounded.
The acid dragon completely misses you. The acid dragon claws you.
* * * LOW HITPOINT WARNING * * *
You take 3 damage, and have 16/79 hp.
You closely miss the acid dragon.
The acid dragon is moderately wounded.
The acid dragon bites you but does no damage.
The acid dragon claws you but does no damage.
You closely miss the acid dragon.
The acid dragon is moderately wounded.
The acid dragon spits acid at you. The splash of acid misses you.
You slash the acid dragon!
The acid dragon is severely wounded.
The acid dragon spits acid at you. The splash of acid hits you!!
You die... ▓▓▓▓▓▓▓▓▓▓▓▓▓▓▓▓▓▓▓▓▓▓▓▓ ..lyyOD@.....[..'_______ ▓▓▓▓▓▓▓▓▓▓▓▓▓▓▓▓▓▓▓▓▓▓▓▓

You could see a two-headed ogre, a wyvern, an acid dragon (very poisoned, catching breath), a vampire mosquito and a killer bee.

Vanquished Creatures
  A wraith (D)
  A sky beast (D)
  A gnoll shaman (D)
  A bat (D)
  A bat skeleton (D)
  A goblin (D)
  2 ball pythons (D)
  A ball python zombie (D)
  A frilled lizard (D)
  A quokka zombie (D)
11 creatures vanquished.

Notes
Turn   | Place    | Note
-------+----------+-------------------------------------------
     0 | D        | tatocazan the Demonspawn Fighter began the quest for the
                  | Orb.
     0 | D        | Reached XP level 1. HP: 18/18 MP: 1/1
    21 | D        | Noticed a gnoll shaman
    21 | D        | Noticed a sky beast
    31 | D        | Killed a sky beast
    32 | D        | Reached skill level 5 in Fighting
    32 | D        | Gained mutation: A meltable shield of frost defends you.
                  | (SH +4) [demonic ancestry]
    32 | D        | Reached XP level 2. HP: 15/27 MP: 2/2
    32 | D        | Gained mutation: You are partially covered in icy blue
                  | scales. (AC +2) [demonic ancestry]
    32 | D        | Reached XP level 3. HP: 18/33 MP: 3/3
    32 | D        | Reached XP level 4. HP: 22/39 MP: 4/4
    33 | D        | Reached skill level 5 in Armour
    33 | D        | Reached skill level 5 in Shields
   136 | D        | Found a snail-covered altar of Cheibriados.
   136 | D        | Found a shadowy altar of Dithmenos.
   136 | D        | Found a blossoming altar of Fedhas.
   136 | D        | Found an opulent altar of Gozag.
   137 | D        | Found a hazy altar of Hepliaklqana.
   138 | D        | Found a viscous altar of Jiyva.
   139 | D        | Found an ancient bone altar of Kikubaaqudgha.
   140 | D        | Found a corrupted altar of Lugonu.
   141 | D        | Found a burning altar of Makhleb.
   142 | D        | Found a sparkling altar of Nemelex Xobeh.
   143 | D        | Found an iron altar of Okawaru.
   144 | D        | Found a stormy altar of Qazlal.
   145 | D        | Found a sacrificial altar of Ru.
   146 | D        | Found a shimmering blue altar of Sif Muna.
   147 | D        | Found a bloodstained altar of Trog.
   148 | D        | Found a hide-covered altar of Uskayaw.
   149 | D        | Found a radiant altar of Vehumet.
   151 | D        | Became a worshipper of Makhleb the Destroyer
   153 | D        | Found an ornate altar of the Wu Jian Council.
   154 | D        | Found a shimmering altar of Xom.
   155 | D        | Found a basalt altar of Yredelemnul.
   213 | D        | Noticed a wyvern
   213 | D        | Noticed a vampire mosquito
   213 | D        | Noticed a two-headed ogre
   213 | D        | Noticed an acid dragon
   213 | D        | Noticed a wraith
   221 | D        | Killed a wraith
   222 | D        | Reached XP level 5. HP: 16/47 MP: 4/7
   222 | D        | Gained mutation: You have sharp fingernails. [demonic
                  | ancestry]
   222 | D        | Reached XP level 6. HP: 18/53 MP: 4/8
   227 | D        | Killed from afar by an acid dragon

Illustrated notes

Levels and vault maps discovered:
D:        linesprint [early_d, line_temple, items_1, d_10, items_2, lair_1,
          lair_end, items_3, orc_1, orc_end, items_4, d_15, swamp_1, shoals_1,
          snake_1, spider_1, d_20, vaults_1, items_5, swamp_end, shoals_end,
          snake_end, spider_end, vaults_end, d_27, items_6, zot_1, zot_end,
          crypt_end, forest_end, elf_end, slime_end, tomb_end, abyss_end,
          pan_hell_end]

Skill      XL: |  1  2  3  4 |
---------------+-------------+-----
Polearms       | 4 6 |  6.4
Armour         | 4 6 |  6.0
Shields        | 4 5 |  5.9
Fighting       | 5 6 |  6.5
Invocations    | 3 |  3.8

Action                   |  1- 3 |  4- 6 || total
-------------------------+-------+-------++-------
Melee: Trident           |    19 |     4 ||    23
       Halberd           |       |    13 ||    13
  Use: Potion            |     1 |     1 ||     2
Armor: Scale mail        |     7 |     2 ||     9
       Plate armour      |       |     9 ||     9
Dodge: Dodged            |     8 |     6 ||    14
Block: Buckler           |     2 |     4 ||     6

Table legend: (Time is in decaauts)
 A = Elapsed time spent in this place.
 B = Non-inter-level travel time spent in this place.
 C = Inter-level travel time spent in this place.
 D = Time resting spent in this place.
 E = Time spent auto-exploring this place.
 F = Levels seen in this place.
 G = Mean time per level.
                   A        B        C        D        E       F      G
               +--------+--------+--------+--------+--------+-----+--------+
         Total |    234 |    234 |      0 |     91 |      8 |   1 |  234.0 |
       Dungeon |    234 |    234 |      0 |     91 |      8 |   1 |  234.0 |
               +--------+--------+--------+--------+--------+-----+--------+

Top non-repeatable levels by time:
       D: 234 daAuts
